 Dungeon Crawl Stone Soup version 0.26-a0-84-g8c18429211 (webtiles) character file.

Game seed: 657922009567246025

3325 MalarOregon the Skirmisher (level 9, -6/79 HPs)
             Began as a Yellow Draconian Fighter on June 20, 2020.
             Was a Believer of Nemelex Xobeh.
             Mangled by Prince Ribbit (19 damage)
             ... on level 8 of the Dungeon.
             The game lasted 00:21:32 (10923 turns).

MalarOregon the Skirmisher (DrFi)                  Turns: 10923, Time: 00:21:33

Health: -6/79      AC:  9    Str: 19    XL:     9   Next: 71%
Magic:  24/24      EV: 12    Int: 12    God:    Nemelex Xobeh [**....]
Gold:   366        SH: 10    Dex: 13    Spells: 8/16 levels left

rFire    . . .     SeeInvis .     - Unarmed
rCold    . . .     Gourm    .   a - +0 kite shield
rNeg     . . .     Faith    .   (armour unavailable)
rPois    .         Spirit   .   (helmet restricted)
rElec    .         Reflect  .   (no cloak)
rCorr    +         Harm     .   C - +0 pair of gloves {Dex+3}
MR       .....                  n - +0 pair of boots
Stlth    +.........             p - amulet of the acrobat
HPRegen  0.23/turn              d - ring of magical power
MPRegen  0.19/turn              (no ring)

@: short of breath
A: spit acid, unfitting armour, cold-blooded, acid resistance, AC +7
a: Breathe Acid, Draw Escape, Draw Destruction, Draw Summoning, Renounce
Religion


You were on level 8 of the Dungeon.
You worshipped Nemelex Xobeh.
Nemelex Xobeh was pleased with you.
You were not hungry.

You visited 2 branches of the dungeon, and saw 9 of its levels.
You also visited: Sewer.

You collected 366 gold pieces.

Inventory:

Missiles
 m - 6 boomerangs (quivered)
 v - 47 poisoned darts
Armour
 a - a +0 kite shield (worn)
 n - a +0 pair of boots (worn)
   (You found it on level 2 of the Dungeon)
 y - a +0 cloak
   (You found it on level 7 of the Dungeon)
 C - a +0 pair of gloves of dexterity (worn)
   (You found it on level 1 of the Dungeon)
Jewellery
 d - a ring of magical power (left hand)
   (You found it on level 1 of the Dungeon)
 p - an amulet of the acrobat (around neck)
   (You found it on level 4 of the Dungeon)
 q - an uncursed amulet of regeneration {unknown}
   (You found it on level 8 of the Dungeon)
 s - a +6 ring of intelligence {unknown}
   (You found it on level 8 of the Dungeon)
 D - the cursed ring "Satei" {MR+ Str-4 Int+4}
   (You took it off an orc wizard on level 7 of the Dungeon)

   [ring of strength]

   It affects your strength (-4).
   It affects your intelligence (+4).
   It affects your resistance to hostile enchantments.
   It has a curse placed upon it.
 G - an uncursed amulet of regeneration {unknown}
   (You found it on level 7 of the Dungeon)
Wands
 c - a wand of disintegration (10)
   (You found it on level 7 of the Dungeon)
 r - a wand of clouds (4)
   (You found it on level 5 of the Dungeon)
 x - a wand of acid (16)
   (You found it on level 7 of the Dungeon)
Scrolls
 f - a scroll of amnesia
 g - 11 scrolls of teleportation {@r4}
 h - 4 scrolls of remove curse {@r2}
 u - a scroll of fog
 E - a scroll of torment {unknown}
 I - a scroll of magic mapping
Potions
 b - a potion of might
 i - 2 potions of mutation {!q}
 k - 2 potions of magic
 l - 2 potions of stabbing
 o - a potion of cancellation
 t - a potion of haste {@q3}
 w - a potion of lignification {!q}
 z - a potion of flight {unknown}
 A - 3 potions of invisibility
 B - a potion of ambrosia {unknown}
Miscellaneous
 F - a phantom mirror
Comestibles
 e - 16 rations {!d}


   Skills:
 * Level 7.4 Fighting
 + Level 4.1 Throwing
 + Level 5.0 Dodging
 + Level 5.7 Shields
 * Level 6.4 Unarmed Combat
 + Level 4.1 Spellcasting
 + Level 1.8 Necromancy
 + Level 3.7 Invocations
 + Level 2.1 Evocations


You had 8 spell levels left.
You knew the following spells:

 Your Spells              Type           Power        Failure   Level  Hunger
a - Agony                 Necr           #.......     100%        5    ######.
q - Vampiric Draining     Necr           #.........   71%         3    ###....

Your spell library contained the following spells:

 Spells                   Type           Power        Failure   Level  Hunger
 Animate Skeleton         Necr           N/A          34%         1    #......
 Pain                     Necr           #...         34%         1    #......
 Animate Dead             Necr           N/A          98%         4    #####..
 Leda's Liquefaction      Hex/Erth       #.........   100%        4    #####..
 Bolt of Magma            Conj/Fire/Erth #.........   100%        5    ######.
 Iron Shot                Conj/Erth      #.........   100%        6    #######
 Statue Form              Tmut/Erth      #........    100%        6    #######
 Shatter                  Erth           #.........   100%        9    #######


Dungeon Overview and Level Annotations

Branches:
Dungeon (8/15)             Temple (1/1) D:4           Sewer (visited)
   Lair: D:8-11

Altars:
Ashenzari
Cheibriados
Dithmenos
Elyvilon
Fedhas
Gozag
Hepliaklqana
Kikubaaqudgha
Makhleb
Nemelex Xobeh
Okawaru
Qazlal
Ru
Sif Muna
Trog
Uskayaw
Vehumet
Wu Jian
Xom
Yredelemnul
Zin
The Shining One

Annotations:
D:4 1 runed translucent door
D:8 Prince Ribbit


Innate Abilities, Weirdness & Mutations

You can spit globs of acid.
Your golden yellow scales are hard. (AC +7)
You cannot fit into any form of body armour.
You are cold-blooded and may be slowed by cold attacks.
You are resistant to acid. (rCorr)


Message History

Aim: Prince Ribbit (lightly wounded)
You throw a boomerang.
The boomerang barely misses Prince Ribbit.
Prince Ribbit misses you.
Prince Ribbit croaks regally.
Prince Ribbit barely misses you.
You punch Prince Ribbit!
Your tail-slap misses Prince Ribbit.
You block Prince Ribbit's attack.
You miss Prince Ribbit.
Your tail-slap misses Prince Ribbit.
Prince Ribbit hits you! Prince Ribbit barely misses you.
Your shield prevents you from hitting Prince Ribbit.
You block Prince Ribbit's attack.
You closely miss Prince Ribbit. Prince Ribbit hits you.
You barely miss Prince Ribbit. Prince Ribbit misses you.
Prince Ribbit hits you!
You miss Prince Ribbit.
Prince Ribbit lets out a mournful croak.
Prince Ribbit hits you but does no damage.
You punch Prince Ribbit!
Your tail-slap misses Prince Ribbit.
Prince Ribbit hits you!
You hit Prince Ribbit. Prince Ribbit hits you!
* * * LOW HITPOINT WARNING * * *
You block Prince Ribbit's attack.
Throwing (i - inventory. (/) - cycle)
m - 6 boomerangs (quivered)
Aim: Prince Ribbit (severely wounded)
You throw a boomerang.
The boomerang barely misses Prince Ribbit.
Prince Ribbit hits you.
* * * LOW HITPOINT WARNING * * *
Throwing (i - inventory. (/) - cycle)
m - 6 boomerangs (quivered)
Aim: Prince Ribbit (severely wounded)
You throw a boomerang.
The boomerang barely misses Prince Ribbit.
Prince Ribbit closely misses you. Prince Ribbit hits you!!
* * * LOW HITPOINT WARNING * * *
Okay, then.
Aim: Prince Ribbit (severely wounded)
You spit a glob of acid.
The glob of acid misses Prince Ribbit.
You feel somewhat more hungry. Prince Ribbit hits you!
* * * LOW HITPOINT WARNING * * *
Okay, then.
Okay, then.
You feel better. Prince Ribbit closely misses you. Prince Ribbit hits you!!
You die...
Your body disappears without a glow.

#...# #...## #.#
###....## ##..
........## #..#
.###..)..## #..#
.##.....>.# #..#
..##.....## #..#
#..)....#######F.######≈
..####..........@....≈≈≈
.## #.########.###...≈≈
..####.# #.# ...
.......########.# #
................#
....############# .##.#
###.# # #.#


You could see Prince Ribbit.

Vanquished Creatures
  An ugly thing (D:7)
  A hippogriff (D:7)
  2 orc warriors
  A black bear (D:6)
  3 phantoms
  3 centaurs
  An ogre (D:8)
  3 bullfrogs
  A wyvern skeleton (D:8)
  3 scorpions
  2 killer bees (D:8)
  A howler monkey (D:5)
  4 crimson imps
  2 centaur zombies
  3 hounds
  5 orc priests
  A jelly (D:7)
  2 bullfrog skeletons
  A centaur skeleton (D:6)
  An iguana (D:1)
  5 worker ants
  5 orc wizards
  A killer bee zombie (D:8)
  A hound zombie (D:7)
  Robin (D:2)
  6 gnolls
  A howler monkey zombie (D:7)
  13 adders
  A howler monkey skeleton (D:6)
  A river rat (D:7)
  7 oozes
  2 adder skeletons (D:4)
  A worm (D:2)
  2 dart slugs
  9 leopard geckos
  21 orcs
  4 ball pythons
  10 bats
  9 giant cockroaches
  15 goblins
  10 hobgoblins
  24 jackals
  7 kobolds
  5 quokkas
  4 frilled lizards
  A jackal skeleton (D:6)
  A leopard gecko skeleton (D:5)
  7 rats
215 creatures vanquished.

Vanquished Creatures (collateral kills)
  A phantom (D:8)
  4 killer bees (D:8)
  A crimson imp (D:8)
  2 orc wizards (D:8)
  An adder (D:8)
  6 orcs (D:8)
15 creatures vanquished.

Grand Total: 230 creatures vanquished

Notes
Turn   | Place    | Note
-------+----------+-------------------------------------------
     0 | D:1      | MalarOregon the Draconian Fighter began the quest for the
                  | Orb.
     0 | D:1      | Reached XP level 1. HP: 19/19 MP: 1/1
   197 | D:1      | Reached XP level 2. HP: 26/26 MP: 2/2
   757 | D:2      | Reached XP level 3. HP: 25/31 MP: 2/4
   870 | D:2      | Reached skill level 1 in Throwing
   924 | D:2      | Noticed Robin
   969 | D:2      | Reached skill level 1 in Spellcasting
  1204 | D:1      | Reached XP level 4. HP: 37/40 MP: 5/5
  1760 | D:2      | Reached skill level 4 in Fighting
  1852 | D:2      | Reached XP level 5. HP: 25/46 MP: 7/7
  2196 | D:2      | Killed Robin
  2285 | D:2      | Found a white marble altar of Elyvilon.
  3205 | D:3      | Reached XP level 6. HP: 34/53 MP: 9/9
  4759 | D:4      | Found a staircase to the Ecumenical Temple.
  4772 | Temple   | Entered the Ecumenical Temple
  4932 | Temple   | Became a worshipper of Nemelex Xobeh the Trickster
  5001 | D:4      | Found a runed translucent door.
  5001 | D:4      | Noticed an angel
  5006 | D:4      | Your scales start taking on a golden yellow colour.
  5006 | D:4      | Reached XP level 7. HP: 49/60 MP: 10/10
  5006 | D:4      | Gained mutation: You are resistant to acid. (rCorr) [Yellow
                  | Draconian growth]
  5173 | D:4      | Found a glowing golden altar of the Shining One.
  5181 | D:4      | Received a gift from Nemelex Xobeh
  5651 | D:5      | Entered Level 5 of the Dungeon
  5899 | D:5      | Reached skill level 1 in Invocations
  5945 | D:5      | Reached skill level 5 in Fighting
  6371 | D:5      | Received a gift from Nemelex Xobeh
  6423 | D:5      | Reached * piety under Nemelex Xobeh
  6824 | D:6      | Found a glowing drain.
  6845 | D:6      | Reached XP level 8. HP: 59/69 MP: 12/12
  6906 | Sewer    | Entered a sewer
  7867 | D:6      | Reached skill level 6 in Fighting
  7867 | D:6      | Reached skill level 5 in Unarmed Combat
  8304 | D:6      | Received a gift from Nemelex Xobeh
  8454 | D:6      | Reached skill level 5 in Shields
  8722 | D:7      | Noticed a hippogriff
  8739 | D:7      | Killed a hippogriff
  8884 | D:7      | Learned a level 3 spell: Vampiric Draining
  8890 | D:7      | Learned a level 5 spell: Agony
  8948 | D:7      | Reached ** piety under Nemelex Xobeh
  9021 | D:7      | Found a shattered altar of Ashenzari.
  9166 | D:7      | Reached XP level 9. HP: 78/78 MP: 14/14
  9313 | D:7      | Received a gift from Nemelex Xobeh
  9426 | D:7      | Noticed a green ugly thing
  9451 | D:7      | Killed a green ugly thing
  9451 | D:7      | Reached skill level 1 in Evocations
  9480 | D:7      | Identified the cursed ring "Satei" {MR+ Str-4 Int+4}
  9502 | D:7      | Reached skill level 1 in Necromancy
  9912 | D:7      | Reached skill level 7 in Fighting
 10521 | D:8      | Reached skill level 5 in Dodging
 10908 | D:8      | Noticed Prince Ribbit
 10922 | D:8      | HP: 1/79 [Prince Ribbit (11)]
 10923 | D:8      | Mangled by Prince Ribbit

Illustrated notes

Levels and vault maps discovered:
D:1:      minmay_arrival_hallway, layout_basic, minivault_19,
          minmay_pentomino_u2
D:2:      layout_basic, elyvilon_altar_5, uniq_robin
D:3:      cheibrodos_pilgrimage, layout_basic, first_ration
D:4:      layout_basic, minmay_temple_entry_ruins, minmay_fountain_box,
          lemuel_angel_altar
D:5:      layout_loops_cross
D:6:      layout_basic, portal_sewer_entry_f
D:7:      minmay_the_grid_triangle_9x9_rhombus_full
          [minmay_the_grid_triangle_9x9_impossible_snake,
          minmay_the_grid_triangle_9x9_empty,
          minmay_the_grid_triangle_9x9_checkered,
          minmay_the_grid_triangle_9x9_sprig,
          minmay_the_grid_triangle_9x9_corrupted_corridor,
          minmay_the_grid_triangle_9x9_from_above,
          minmay_the_grid_triangle_9x9_windchime,
          minmay_the_grid_triangle_9x9_prize_schism], layout_rooms,
          kennysheep_mini_moat
D:8:      layout_loops_ring, serial_rivers, chequers_serial_rivers_small_3,
          chequers_serial_rivers_micro_c, chequers_serial_rivers_small_3,
          chequers_serial_rivers_micro_d, chequers_serial_rivers_marsh,
          uniq_prince_ribbit1
Temple:   kilobyte_greek_temple

Skill      XL: |  1  2  3  4  5  6  7  8  9 |
---------------+----------------------------+-----
Throwing       | 1 2 3 4 |  4.1
Dodging        | 3 4 5 |  5.0
Spellcasting   | 1 2 3 4 |  4.1
Fighting       | 4 5 6 7 |  7.4
Unarmed Combat | 3 4 5 6 |  6.4
Shields        | 4 5 |  5.7
Invocations    | 1 3 |  3.7
Evocations     | 2 |  2.1
Necromancy     | 1 |  1.8

Action                   |  1- 3 |  4- 6 |  7- 9 || total
-------------------------+-------+-------+-------++-------
Melee: Unarmed           |   126 |   459 |   670 ||  1255
       Tailslap          |    21 |    51 |    95 ||   167
Throw: Boomerang         |       |       |    39 ||    39
Invok: Draw Destruction  |       |       |    11 ||    11
       Draw Summoning    |       |       |     2 ||     2
       Draw Escape       |       |       |     1 ||     1
 Abil: Breathe Acid      |       |       |     7 ||     7
Evoke: Wand              |       |       |     2 ||     2
  Use: Scroll            |       |    11 |     7 ||    18
       Potion            |       |       |     2 ||     2
 Stab: Sleeping          |     1 |       |     4 ||     5
       Confused          |       |       |     1 ||     1
  Eat: Chunk             |     1 |    13 |    21 ||    35
Armor: Skin              |    28 |   106 |   215 ||   349
Dodge: Dodged            |    32 |   143 |   356 ||   531
Block: Kite shield       |    45 |   174 |   345 ||   564

Table legend:
 A = Non-vault XP
 B = Vault XP
 C = Vault XP percentage of total XP
 D = Non-vault monster count
 E = Vault monster count
 F = Vault count percentage of total count
                 A         B        C        D         E       F
            +---------+---------+-------+---------+---------+-------
      Total |    3872 |     879 |  18.5 |     171 |      59 |  25.7
            +---------+---------+-------+---------+---------+-------
        D:1 |      96 |       4 |   4.0 |      18 |       2 |  10.0
        D:2 |     123 |     131 |  51.6 |      26 |      18 |  40.9
        D:3 |     261 |       3 |   1.1 |      28 |       1 |   3.4
        D:4 |     181 |       0 |   0.0 |       9 |       0 |   0.0
        D:5 |     425 |       0 |   0.0 |      22 |       0 |   0.0
        D:6 |    1088 |      16 |   1.4 |      28 |       6 |  17.6
        D:7 |     818 |     692 |  45.8 |      14 |      15 |  51.7
        D:8 |     880 |       0 |   0.0 |      26 |       0 |   0.0
      Sewer |       0 |      33 | 100.0 |       0 |      17 | 100.0
            +---------+---------+-------+---------+---------+-------
